 Dungeon Crawl Stone Soup version 0.25-a0-667-gb977e01cb5 (webtiles) character file.

Game seed: 8065020285882640279, levelgen mode: deterministic

40 sanka the Scratcher (level 3, -1/17 HPs)
             Began as a Felid Wanderer on Mar 27, 2020.
             Shot with a stone by a goblin (6 damage)
             ... led by Robin
             ... on level 2 of the Dungeon.
             The game lasted 00:01:44 (1214 turns).

sanka the Scratcher (Felid Wanderer)                Turns: 1214, Time: 00:01:46

Health: -1/17      AC:  1    Str:  8    XL:     3   Next: 30%
Magic:  4/4        EV: 15    Int: 13    God:
Gold:   26         SH:  0    Dex: 16    Spells: 2/2 levels left
                                        Lives:  0   Deaths: 0

rFire    . . .     SeeInvis +     - Unarmed
rCold    . . .     Gourm    .   (shield unavailable)
rNeg     . . .     Faith    .   (armour unavailable)
rPois    .         Spirit   .   (helmet unavailable)
rElec    .         Reflect  .   (cloak unavailable)
rCorr    .         Harm     .   (gloves unavailable)
MR       .....                  (boots unavailable)
Stlth    +++.......             (no amulet)
HPRegen  0.05/turn              (no ring)
MPRegen  0.09/turn              (no ring)

@: quick
A: very small, no armour, no weapons or thrown items, stealth, claws 1, fangs 3,
see invisible, carnivore, speed 1, shaggy fur 1, slow metabolism 1, sharp paws
a: no special abilities


You were on level 2 of the Dungeon.
You were completely stuffed.

You visited 1 branch of the dungeon, and saw 2 of its levels.

You collected 26 gold pieces.


Innate Abilities, Weirdness & Mutations

You cannot wear armour.
You are incapable of wielding weapons or throwing items.
Your paws allow you to move quietly. (Stealth)
You have sharp claws.
You have razor-sharp teeth.
You have supernaturally acute eyesight. (SInv)
You are carnivorous and can eat meat at any time.
You cover ground quickly.
You are covered in fur. (AC +1)
You have a slow metabolism.
Your sharp claws are effective at attacking unaware monsters.


   Skills:
 - Level 3.0 Fighting
 + Level 0.4 Dodging
 - Level 4.0 Stealth
 * Level 5.1 Unarmed Combat


You had 2 spell levels left.
You didn't know any spells.
Your spell library was empty.

Inventory:

Scrolls
 e - a scroll of identify {unknown}
 f - 2 scrolls of remove curse {unknown}
 h - a scroll of blinking {unknown}
 j - 2 scrolls of immolation {unknown}
Potions
 a - a potion of heal wounds {@q2}
 b - a potion of curing {@q1}
 c - a potion of lignification {!q}
 g - a potion of might {unknown}
 i - a potion of magic {unknown}
Comestibles
 d - 2 rations
 k - 2 chunks of flesh

Dungeon Overview and Level Annotations

Branches:
Dungeon (2/15)

Altars:

Annotations:
D:2 Robin

▒▒▒▒▒ ▒.▒ ▒▒...▒▒
▒.▒
▒.▒▒▒.▒▒▒▒▒▒▒▒▒▒.▒
▒.▒ ▒.........▒▒.▒
▒.▒▒▒.▒▒▒▒▒▒▒.....
▒▒...▒▒ ▒▒▒▒.▒
▒▒.▒▒ ▒.▒
▒▒▒▒▒▒▒.▒ ▒.▒
▒g..(h.(▒ ▒..
▒.▒▒▒▒▒▒▒ ▒▒▒ ▒.▒
▒ ▒.▒ ▒ ▒g▒▒▒▒
▒.g..▒ ▒▒▒▒)▒ ▒)▒
▒g▒


You could see a goblin.


Message History

A hobgoblin comes into view. It is wielding a +0 club.
The goblin unwields a +0 dagger.
The goblin wields a +0 hunting sling.
The goblin shoots a stone.
The stone hits you.
You see here a stone.
You claw the hobgoblin!
You kill the hobgoblin!
The goblin shoots a stone.
The stone barely misses you. Robin throws the goblin at you!
You closely miss the goblin. Your bite misses the goblin.
The goblin unwields a +0 hunting sling.
The goblin wields a +0 dagger.
The goblin closely misses you.
The goblin unwields a +0 dagger.
The goblin wields a +0 hunting sling.
The goblin shoots a stone.
The stone barely misses you. Robin throws the goblin at you!
The goblin shoots a stone.
The stone barely misses you.
The goblin shoots a stone.
The stone hits you.
* * * LOW HITPOINT WARNING * * *
The goblin no longer looks unusually strong.
The goblin shoots a stone.
The stone hits you.
You die...

Action                   || total
-------------------------++-------
Melee: Unarmed           ||    72
       Bite              ||     4
       Punch             ||     1
  Eat: Chunk             ||     8
Armor: Skin              ||     3
Dodge: Dodged            ||    50

Levels and vault maps discovered:
D:1:      zelgadis_glass_arrival_small, layout_basic
D:2:      layout_loops_ring, uniq_jessica, uniq_robin

Notes
Turn   | Place    | Note
-------+----------+-------------------------------------------
     0 | D:1      | sanka the Felid Wanderer began the quest for the Orb.
     0 | D:1      | sanka set off with the following items: a potion of heal
                  | wounds {@q2}, a potion of curing {@q1}, a potion of
                  | lignification {!q}, a ration
     0 | D:1      | Reached XP level 1. HP: 10/10 MP: 2/2
   232 | D:1      | Reached XP level 2. HP: 13/14 MP: 3/3
   636 | D:1      | Reached skill level 5 in Unarmed Combat
   645 | D:1      | Reached XP level 3. HP: 10/17 MP: 4/4
  1110 | D:2      | Noticed Robin
  1214 | D:2      | Shot with a stone by a goblin

Vanquished Creatures
  An ooze (D:1)
  3 dart slugs (D:1)
  A leopard gecko (D:1)
  A bat (D:1)
  A giant cockroach (D:2)
  5 goblins
  6 hobgoblins
  A frilled lizard (D:1)
  4 kobolds (D:1)
  5 rats (D:1)
28 creatures vanquished.
